Cogmind - Beta 17 @@@ ROGUE MODE // 2026.08.02 @ 22:13:12 Player: Scuttle Result: Destroyed by C8-7EZ(h) with Bolt Gun Performance ------------- Evolutions (0) 0 Regions Visited (4) 800 Robots Destroyed (13) 65 Value Destroyed (347) 347 Prototype IDs (0) 0 Alien Tech Used (0) 0 Bonus (2800) 2800 TOTAL SCORE: 4012 Bonus ------- Delivered SUBCON Basin 2000 Registered with UFD 300 Met Optimus in HQ 500 Cogmind --------- Core Integrity 0/250 Matter 293/300 Energy 75/100 System Corruption 0% Temperature Cool (31) Movement Treading (160) Location -8/Scraptown Parts ------- > --- POWER (1) -------- (None) > --- PROPULSION (2) --- Light Treads Light Treads > --- UTILITY (2) ------ Large Storage Unit > --- WEAPON (2) ------- Heavy Particle Cannon Subdweller Machine Gun > --- INVENTORY (15) --- Nuclear Core Compact Wheel Maxwheels Advanced Signal Interpreter Advanced Targeting Computer A0-MCA's Component Scanner Tech Extrapolator Rainbow Chip Autogun CPS Tube (2) Peak State ------------ > --- POWER ------------ (None) > --- PROPULSION ------- Subdweller Monowheel Subdweller Monowheel > --- UTILITY ---------- Humpback > --- WEAPON ----------- Subdweller Beam Cannon Subdweller Machine Gun > --- INVENTORY -------- Subdweller Power Source Subdweller Power Source Subdweller Power Source Light Treads Light Treads Maxwheels Improved Heat Sink Scrap Shield Rainbow Chip Subdweller Laser Battle Rifle Subdweller Machine Gun Barrage Gun Barrage Gun SUBCON Basin [Rating: 35] Favorites ----------- Power Deuterium Engine Engine Deuterium Engine Propulsion Subdweller Monowheel Treads Light Treads Wheel Subdweller Monowheel Utility Humpback Device Improved Heat Sink Storage Humpback Protection Light Armor Plating Weapon Subdweller Machine Gun Energy Gun Subdweller Laser Energy Cannon Subdweller Beam Cannon Ballistic Gun Subdweller Machine Gun Build | -11 -10 -10 -8 -8 ------- Run | Yrd Mat Sub Rec Scr Slots Evolved . | . . . . . Power . | . . . . . Propulsion . | . . . . . Utility . | . . . . . Weapon . | . . . . . Parts Attached 34 | 4 5 19 . 6 Power 7 | . 2 4 . 1 Engine 7 | . 2 4 . 1 Core . | . . . . . Reactor . | . . . . . Propulsion 11 | 2 . 8 . 1 Treads 5 | 1 . 3 . 1 Leg . | . . . . . Wheel 6 | 1 . 5 . . Hover . | . . . . . Flight . | . . . . . Utility 7 | . 3 3 . 1 Device 3 | . 1 2 . . Storage 3 | . 1 1 . 1 Processor . | . . . . . Hackware . | . . . . . Protection 1 | . 1 . . . Artifact . | . . . . . Weapon 9 | 2 . 4 . 3 Energy Gun 4 | 2 . 2 . . Energy Cannon 2 | . . 1 . 1 Ballistic Gun 3 | . . 1 . 2 Ballistic Cannon . | . . . . . Launcher . | . . . . . Special Weapon . | . . . . . Impact Weapon . | . . . . . Slashing Weapon . | . . . . . Piercing Weapon . | . . . . . Special Melee Weapon . | . . . . . Unidentified Prototypes . | . . . . . Parts Lost 5 | . . 3 . 2 Power 1 | . . . . 1 Propulsion 1 | . . 1 . . Utility 3 | . . 2 . 1 Weapon . | . . . . . Highest Loss Streak 2 | . . 1 . 2 To Critical Strikes . | . . . . . Average Backups 13 | 1 5 10 14 17 Power 2 | 1 1 1 3 2 Propulsion 3 | . 3 3 4 3 Utility 3 | . . 2 3 4 Weapon 4 | . . 3 4 5 Tool/Special . | . . . . . Unused Backups 21 | . . 5 . 16 Power 2 | . . 1 . 1 Propulsion 1 | . . . . 1 Utility 6 | . . 1 . 5 Weapon 11 | . . 3 . 8 Tool/Special 1 | . . . . 1 Average Slot Usage (%) 88 | . 91 87 85 88 Engine 12 | . 12 10 14 14 Treads 7 | . 14 11 . 3 Wheel 20 | . 14 16 28 24 Device 4 | . 5 5 . 2 Storage 13 | . 12 14 14 14 Energy Gun 9 | . 28 5 14 11 Energy Cannon 6 | . . 12 . 2 Ballistic Gun 12 | . . 10 14 14 Peak Build Rating 35 | 4 7 35 35 22 Average Rating 19 | 3 6 19 31 20 On Entrance 12 | . 4 7 35 17 Avg Prop Armor Cover (%) 9 | 14 13 12 . 6 Naked Turns . | . . . . . Heaviest Build 217 | 3 31 217 213 217 Greatest Support 40 | 20 16 40 36 40 Greatest Overweight (x) 13 | . 1 10 5 13 Average Overweight (x) 5 | . . 2 5 9 Largest Inventory Capacity 35 | 5 15 35 35 35 Average Capacity 26 | 5 14 23 35 30 Most Carried 35 | 4 9 35 33 26 Average Carried 19 | 1 5 18 30 21 Final Capacity 35 | 5 15 35 35 15 Final Carried 33 | 4 9 33 19 13 Class Distribution -------------------- 59% | Hauler-Mutant 25% | Mutant 15% | Scavenger-Mutant Dominant Class ---------------- Mutant | -10/Materials Hauler-Mutant | -10/Subcaves Hauler-Mutant | -8/Recycling Hauler-Mutant | -8/Scraptown Resources | -11 -10 -10 -8 -8 ----------- Run | Yrd Mat Sub Rec Scr Matter Collected 617 | 84 105 342 . 86 Remotely . | . . . . . Salvage Created 547 | . 168 379 . . Parts 32 | . 12 20 . . Haulers Intercepted 2 | . 2 . . . Recyclers Shooed 2 | . 2 . . . Parts Field Recycled . | . . . . . Retrieved Matter . | . . . . . Parts Self-Destructed 9 | . . 9 . . Prevented . | . . . . . Parts Restored . | . . . . . Kills | -11 -10 -10 -8 -8 ------- Run | Yrd Mat Sub Rec Scr Combat Hostiles Destroyed 9 | . . 9 . . Guns 4 | . . 4 . . Cannons 5 | . . 5 . . Classes Destroyed 5 | . 3 2 . . Tunneler 1 | . 1 . . . Hauler 2 | . 2 . . . Recycler 1 | . 1 . . . Swarmer 1 | . . 1 . . Subdweller 8 | . . 8 . . Best Kill Streak 3 | . 2 3 . . Combat Bots Only 3 | . . 3 . . Max Kills in Single Turn 1 | . 1 1 . . Gunslinging . | . . . . . Exploded . | . . . . . Melee . | . . . . . Uniques/NPCs Destroyed . | . . . . . Combat | -11 -10 -10 -8 -8 -------- Run | Yrd Mat Sub Rec Scr Hostile Shots Fired 143 | . . 86 . 57 Missed 40 | . . 28 . 12 Hits 103 | . . 58 . 45 Projectile 103 | . . 58 . 45 Critical Strikes 4 | . . . . 4 Damage Taken 1533 | . . 1082 . 451 Core 252 | . . 182 . 70 Absorbed by Shields . | . . . . . Core Remaining (%) 100 | 100 . . . . Volleys Fired 80 | . 17 57 . 6 Largest 2 | . 2 2 . 2 Hottest 110 | . 90 110 . 105 Shots Fired 152 | . 34 106 . 12 Gun 114 | . 34 74 . 6 Cannon 38 | . . 32 . 6 Launcher . | . . . . . Special . | . . . . . Kinetic 24 | . . 18 . 6 Thermal 128 | . 34 88 . 6 Explosive . | . . . . . Electromagnetic . | . . . . . Robot Hit Streak 24 | . 6 24 . 3 Robot Miss Streak 3 | . 2 3 . 2 Penetration Max . | . . . . . Secondary Targets . | . . . . . Shots Hit Robots 101 | . 21 73 . 7 Core Hits 26 | . 7 19 . . Critical Kills . | . . . . . Critical Parts Destroyed 1 | . . 1 . . Critical Strikes 2 | . 1 1 . . Burn 1 | . 1 . . . Destroy 1 | . . 1 . . Melee Attacks . | . . . . . Impact . | . . . . . Slashing . | . . . . . Piercing . | . . . . . Sneak Attacks . | . . . . . Combat Hostiles . | . . . . . Follow-up Attacks . | . . . . . Damage Inflicted 1545 | . 256 1145 . 144 Guns 948 | . 256 598 . 94 Cannons 597 | . . 547 . 50 Explosions . | . . . . . Melee . | . . . . . Ramming . | . . . . . Kinetic 289 | . . 195 . 94 Thermal 1256 | . 256 950 . 50 Explosive . | . . . . . Electromagnetic . | . . . . . Impact . | . . . . . Slashing . | . . . . . Piercing . | . . . . . Highest Corruption . | . . . . . Average Corruption . | . . . . . Corruption Purged . | . . . . . Corruption Blocked . | . . . . . Overload Shots . | . . . . . Overflow Damage . | . . . . . Projectiles . | . . . . . Explosions . | . . . . . Melee . | . . . . . Knockbacks . | . . . . . Impact . | . . . . . Kinetic . | . . . . . Secondary . | . . . . . Self-Inflicted Damage . | . . . . . Shots . | . . . . . Rammed . | . . . . . Targets Rammed . | . . . . . Kicked . | . . . . . Crushed . | . . . . . Highest Temperature 130 | . 130 18 . 54 Average Temperature 33 | . 71 5 . 17 Received Heat Transfer 386 | . . 228 . 158 Siege Activations . | . . . . . Martial Activations . | . . . . . Shielding Activations . | . . . . . Robots Disrupted . | . . . . . Combat Hostiles . | . . . . . Robots Corrupted . | . . . . . Combat Hostiles . | . . . . . Parts Fried . | . . . . . Impact Corruptions . | . . . . . Robots Melted . | . . . . . Combat Hostiles . | . . . . . Parts Melted 4 | . . 4 . . Heat Transferred 2663 | . 768 1821 . 74 Parts Sabotaged . | . . . . . Parts Stolen . | . . . . . Parts Stripped . | . . . . . Power Chain Reactions . | . . . . . Alert | -11 -10 -10 -8 -8 ------- Run | Yrd Mat Sub Rec Scr Maximum Alert Level . | . . . . . Low Security (%) 100 | 100 100 . 100 . Level 1 . | . . . . . Level 2 . | . . . . . Level 3 . | . . . . . Level 4 . | . . . . . Level 5 . | . . . . . High Security . | . . . . . Max Security . | . . . . . Peak Influence 46 | . 12 . 46 . Initial 46 | . . . 46 . Average 7 | . 1 . 32 . Influence Increases 134 | . 24 110 . . Destroy 0b10 Robot/C 20 | . . 20 . . Destroy 0b10 Robot/NC 20 | . 20 . . . Destroy Leader 4 | . 4 . . . Lose Combat Pursuer 90 | . . 90 . . Influence Decreases 134 | . 24 13 81 16 Entered New Map 67 | . . . 51 16 Time Decay 57 | . 24 3 30 . Lost Part 10 | . . 10 . . Squads Dispatched . | . . . . . Investigation . | . . . . . Extermination . | . . . . . Reinforcement . | . . . . . Assault . | . . . . . Garrison . | . . . . . Intercept . | . . . . . Searches Triggered . | . . . . . Construction Impeded . | . . . . . Haulers Reinforced . | . . . . . Active Scanning Responses . | . . . . . Cargo Convoy Interrupts . | . . . . . Stealth | -11 -10 -10 -8 -8 --------- Run | Yrd Mat Sub Rec Scr Distress Signals . | . . . . . Communications Jammed . | . . . . . Distress Signals . | . . . . . Times Spotted 25 | . 1 15 . 9 Peak Tracking Total 8 | . 1 3 . 8 Tactical Retreats 3 | . . 3 . . Traps | -11 -10 -10 -8 -8 ------- Run | Yrd Mat Sub Rec Scr Traps Triggered 4 | . . 4 . . Indirectly . | . . . . . Trap Hack Attempts . | . . . . . Triggered . | . . . . . Disarmed . | . . . . . Reprogrammed . | . . . . . Reused . | . . . . . Traps Extracted . | . . . . . Installed . | . . . . . Triggered . | . . . . . Machines | -11 -10 -10 -8 -8 ---------- Run | Yrd Mat Sub Rec Scr Machines Disabled 2 | . . 2 . . Max in Single Turn 1 | . . 1 . . Machines Repaired . | . . . . . Machines Dismantled . | . . . . . Machines Sabotaged . | . . . . . Overloaded Fab Kills . | . . . . . Hacking | -11 -10 -10 -8 -8 --------- Run | Yrd Mat Sub Rec Scr Machines Accessed 3 | . . 2 . 1 Terminals . | . . . . . Fabricators . | . . . . . Repair Stations . | . . . . . Recycling Units . | . . . . . Scanalyzers . | . . . . . Garrison Access . | . . . . . Total Hacks 7 | . . 2 . 5 Successful 7 | . . 2 . 5 Failed . | . . . . . Catastrophic . | . . . . . Database Lockouts . | . . . . . Manual . | . . . . . Terminals . | . . . . . Fabricators . | . . . . . Repair Stations . | . . . . . Recycling Units . | . . . . . Scanalyzers . | . . . . . Garrison Access . | . . . . . Terminal Hacks 7 | . . 2 . 5 Record 5 | . . . . 5 Open Door 1 | . . 1 . . Release Object 1 | . . 1 . . Fabricator Hacks . | . . . . . Repair Station Hacks . | . . . . . Recycling Unit Hacks . | . . . . . Scanalyzer . | . . . . . Garrison Access Hacks . | . . . . . Unauthorized Hacks . | . . . . . Terminals . | . . . . . Fabricators . | . . . . . Repair Stations . | . . . . . Recycling Units . | . . . . . Scanalyzers . | . . . . . Garrison Access . | . . . . . Data Cores Recovered . | . . . . . Used . | . . . . . Hacking Detections . | . . . . . Full Trace Events . | . . . . . Feedback Events . | . . . . . Feedback Blocked . | . . . . . Robot Schematics Acquired . | . . . . . Robots Built . | . . . . . Authchips . | . . . . . Time . | . . . . . Total Robot Build Rating . | . . . . . Part Schematics Acquired . | . . . . . Parts Built . | . . . . . Authchips . | . . . . . Time . | . . . . . Total Part Build Rating . | . . . . . Part Studies Acquired . | . . . . . Parts Repaired . | . . . . . Time . | . . . . . Parts Recycled . | . . . . . Recycled Matter . | . . . . . Retrieved Matter . | . . . . . Retrieved Components . | . . . . . Parts Scanalyzed . | . . . . . Part Schematics Acquired . | . . . . . Parts Damaged . | . . . . . Bothacking | -11 -10 -10 -8 -8 ------------ Run | Yrd Mat Sub Rec Scr Used RIF Installer . | . . . . . Robots Hacked . | . . . . . Non-combat . | . . . . . Combat . | . . . . . Robot Hacks Applied . | . . . . . Relay Couplers Released . | . . . . . Fabnet Peak Effective % . | . . . . . Robots Rewired . | . . . . . Allies Hacked . | . . . . . Hacks Repelled . | . . . . . Allies | -11 -10 -10 -8 -8 -------- Run | Yrd Mat Sub Rec Scr Total Allies . | . . . . . Largest Group . | . . . . . Highest-Rated Group . | . . . . . Highest-Rated Ally . | . . . . . Total Orders . | . . . . . Ally Attacks . | . . . . . Total Damage . | . . . . . Kills . | . . . . . Allies Corrupted . | . . . . . Allies Melted 1 | . . . . 1 Intel | -11 -10 -10 -8 -8 ------- Run | Yrd Mat Sub Rec Scr Active Infowar (turns) . | . . . . . Robot Analysis Total . | . . . . . Derelict Logs Recovered 6 | . . 1 . 5 Drone Launches . | . . . . . Drone Recoveries . | . . . . . Exploration | -11 -10 -10 -8 -8 ------------- Run | Yrd Mat Sub Rec Scr Turns Passed 7148 | 61 220 3149 73 3645 Spaces Moved 3440 | 46 138 1875 44 1337 Core 4 | 4 . . . . Treads 524 | 13 . 509 . 2 Legs . | . . . . . Wheels 2912 | 29 138 1366 44 1335 Hover . | . . . . . Flight . | . . . . . Fastest Speed 50 | 50 100 110 165 115 Average Speed 186 | 112 112 154 165 243 Slowest Speed 295 | 160 115 240 165 295 Overloaded Moves . | . . . . . Propulsion Burnouts . | . . . . . Robots Hopped . | . . . . . Potential Cave-ins . | . . . . . Cave-ins Triggered . | . . . . . Exploration Rate (%) 36 | 3 28 56 8 85 Regions Visited 4 Branch Regions 3 Pre-discovered Areas 1 | . . . . 1 Known Exits Taken . | . . . . . Unknown Exits Taken 4 | 1 1 1 1 . Scrap Searched 11 | . . 8 . 3 Spaces Dug . | . . . . . Terrain Destroyed 1 | . . . . 1 Melee . | . . . . . Projectile 1 | . . . . 1 AOE . | . . . . . Terrain Rammed . | . . . . . Walls Destroyed . | . . . . . Machines Disabled . | . . . . . Actions | -11 -10 -10 -8 -8 --------- Run | Yrd Mat Sub Rec Scr Total 4008 | 53 167 2023 45 1720 Wait 358 | . . 23 . 335 Move 3436 | 45 137 1874 43 1337 Hop . | . . . . . Pick Up 59 | 4 6 27 1 21 Fast Attach 15 | 4 3 4 . 4 Attach 4 | . 1 1 . 2 Detach 7 | . 1 2 . 4 Swap 21 | . 1 17 . 3 Drop 28 | . 1 18 1 8 Fire 80 | . 17 57 . 6 Melee . | . . . . . Ram . | . . . . . Kick . | . . . . . Crush . | . . . . . Escape Stasis . | . . . . . Rewire . | . . . . . Trap . | . . . . . Miscellaneous . | . . . . . Route ------- -11/Scrapyard -10/Materials (discovered 4 exits: [*Mat] / [*Min x2] / *Sub) -10/Subcaves (discovered 4 exits: [*Mat x2] / [*Rec] / *Scr) -8/Recycling -8/Scraptown (discovered 2 exits: *Fac x2) History --------- Turn | Location | Event 7 | -11/Scrapyard | Discovered new exit (range 16) 62 | -11/Scrapyard | Entered Materials 63 | -10/Materials | Met a group of wandering Federalists 64 | -10/Materials | Discovered new exit (range 8) 90 | -10/Materials | Discovered new exit (range 6) 210 | -10/Materials | Discovered new exit (range 16) 274 | -10/Materials | Discovered new exit (range 8) 282 | -10/Materials | Entered Subcaves 283 | -10/Subcaves | Continued accompanying wandering Federalists (5) 283 | -10/Subcaves | Approached by a straggling Scientist 316 | -10/Subcaves | Build established: Mutant 374 | -10/Subcaves | Lost 5 allies 582 | -10/Subcaves | Scientist uncovered a shortcut to Scraptown 649 | -10/Subcaves | Shifting Twisted Machinery released Sub. Beam Cannon 652 | -10/Subcaves | Shifting Twisted Machinery released Scrap Shield 1006 | -10/Subcaves | A Subdweller sparked back to life 1006 | -10/Subcaves | A Subdweller sparked back to life 1029 | -10/Subcaves | Core integrity fell below 50% 1052 | -10/Subcaves | Found Prototype Processor 1169 | -10/Subcaves | Build established: Scavenger-Mutant 1237 | -10/Subcaves | Visited 4L-MR0's lab 1251 | -10/Subcaves | Found Prototype Wheel 1284 | -10/Subcaves | Discovered new exit (range 11) 1420 | -10/Subcaves | Ambushed by Subdweller buried in earth 1906 | -10/Subcaves | Discovered new exit (range 7) 2443 | -10/Subcaves | Build established: Hauler-Mutant 2514 | -10/Subcaves | Found SUBCON Basin 3332 | -10/Subcaves | Learned Materials terminal intel 3382 | -10/Subcaves | Discovered new exit (range 10) 3431 | -10/Subcaves | Entered Recycling 3453 | -8/Recycling | Scanned before Scraplab entrance 3476 | -8/Recycling | Entered Scraplab 3501 | -8/Recycling | Discovered new exit (range 3) 3504 | -8/Recycling | Entered Scraptown 3994 | -8/Scraptown | Visited UFD Registry 3994 | -8/Scraptown | Registered with UFD as "Electroslider" 4035 | -8/Scraptown | Visited Supply Room 4113 | -8/Scraptown | Visited Fellowship of the Rings 4211 | -8/Scraptown | Scanned Subdweller tech in exchange for log data 4216 | -8/Scraptown | Learned Factory garrison access intel 4219 | -8/Scraptown | Learned 8 Research zone layouts 4222 | -8/Scraptown | Learned location of 1 exit from Research 4231 | -8/Scraptown | Learned location of Quarantine (-3) 4264 | -8/Scraptown | Discovered new exit (range 11) 4671 | -8/Scraptown | Visited TADAMA 4694 | -8/Scraptown | Visited The Evicted 4733 | -8/Scraptown | Visited Assassins FH 5638 | -8/Scraptown | Visited Junk Repository 5778 | -8/Scraptown | Visited Curators Association 5828 | -8/Scraptown | Visited Scrapoid Pod Storage 5869 | -8/Scraptown | Visited Abandonware Association 5898 | -8/Scraptown | Learned abandonware demo "ERRANTS.EXE" 5898 | -8/Scraptown | Learned abandonware demo "MELTYB.EXE" 5957 | -8/Scraptown | Visited A0-MCA Data Center 5975 | -8/Scraptown | Given a C+ rating by A0-MCA 5981 | -8/Scraptown | Found A0-MCA's Component Scanner 6065 | -8/Scraptown | Received an X-ray algorithm 6168 | -8/Scraptown | Visited Supply Room 6412 | -8/Scraptown | Delivered Scrap Shield to a Scientist 6545 | -8/Scraptown | Visited Scrapoid Research Area 6563 | -8/Scraptown | Visited Observation Area 6582 | -8/Scraptown | Visited Science Guys 6657 | -8/Scraptown | Build established: Mutant 6658 | -8/Scraptown | Met Optimus 6658 | -8/Scraptown | Accepted into 0bPrime 7058 | -8/Scraptown | Civil war broke out across Scraptown 7121 | -8/Scraptown | Core integrity fell below 20% 7142 | -8/Scraptown | Identified exit to Factory 7149 | -8/Scraptown | Destroyed by C8-7EZ(h) with Bolt Gun Last Messages --------------- 07133_ Z2-YUB(p) suffers critical hit (Burn). 07136_ Bolt penetrates Machine. 07136_ Bolt penetrates AX-9R3(j). 07136_ AX-9R3(j) destroyed. 07138_ Bolt penetrates Machine. 07140_ Z2-YUB(p) destroyed. 07140_ Bolt penetrates Machine. 07142_ Deuterium Engine destroyed. Optimus: You really should get out of here Electroslider. Scraptown is unimportant, the mission is important. Take the northeast exit, it's probably the safer route. Loading 1 Scraptown exit... 07143_ Bolt penetrates Machine. 07143_ Critical hit (Burn: +50). 07145_ Imp. Heat Sink destroyed. 07146_ 24-THI(j) suffers critical hit (Destroy). 07146_ Bolt penetrates Machine. 07146_ Penetrated by Bolt. 07148_ 24-THI(j) destroyed. 07149_ Penetrated by Bolt. Map ----- +----------------------------------------------------+ | ????????????????????????????????????????